 Dungeon Crawl Stone Soup version 0.29-a0-322-g68df515428 (webtiles) character file.

Game seed: 2540301846893551173

721 bande the Chopper (level 7, -1/44 HPs)
             Began as a Gargoyle Fighter on Apr 8, 2022.
             Splashed by a jelly's acid (8 damage)
             ... on level 4 of the Dungeon.
             The game lasted 00:06:19 (4444 turns).

bande the Chopper (Gargoyle Fighter)                Turns: 4444, Time: 00:06:20

Health: -1/44      AC: -1    Str: 20    XL:     7   Next: 70%
Magic:  7/7        EV:  7    Int:  8    God:
Gold:   254        SH:  6    Dex: 11    Spells: 6/6 levels left

rFire   . . .      SeeInvis .   a - +0 war axe
rCold   . . .      Faith    .   c - +1 buckler
rNeg    + . .      Spirit   .   f - +0 chain mail
rPois   ∞          Reflect  .   (no helmet)
rElec   +          Harm     .   (no cloak)
rCorr   .          Rampage  .   (no gloves)
Will    .....                   (no boots)
Stlth   ..........              (no amulet)
HPRegen 0.14/turn               (no ring)
MPRegen 0.10/turn               (no ring)

@: corroded
A: sickness immunity, AC +4, negative energy resistance 1, electricity
resistance, torment resistance 1, petrification resistance
a: no special abilities


You were on level 4 of the Dungeon.
You visited 1 branch of the dungeon, and saw 5 of its levels.

You collected 254 gold pieces.

Inventory:

Hand Weapons
 a - a +0 war axe (weapon)
 g - a +0 flail
Armour
 c - a +1 buckler (worn)
 f - a +0 chain mail (worn)
Jewellery
 l - a +6 ring of intelligence
Scrolls
 b - 3 scrolls of teleportation
 h - a scroll of amnesia
Potions
 d - 2 potions of might
 e - a potion of berserk rage {unknown}
 j - 4 potions of brilliance
 k - a potion of heal wounds {unknown}
 m - a potion of haste {unknown}
 n - a potion of flight {unknown}
 o - a potion of experience {unknown}


   Skills:
 + Level 5.0 Fighting
 + Level 5.4 Axes
 + Level 5.1 Armour
 + Level 4.7 Shields


You had 6 spell levels left.
You didn't know any spells.
Your spell library contained the following spells:

 Spells                   Type           Power      Damage    Failure   Level
 Sting                    Tmut/Pois      0%         1d3       99%         1
 Corpse Rot               Necr/Air       0%         N/A       100%        2
 Poisonous Vapours        Pois/Air       0%         N/A       100%        2
 Olgreb's Toxic Radiance  Pois           0%         N/A       100%        4


Dungeon Overview and Level Annotations

Branches:
Dungeon (5/15)
 Temple: D:4-7

Altars:
Qazlal
Sif Muna
The Shining One


Innate Abilities, Weirdness & Mutations

You are immune to sickness and miasma.
Your stone body is resilient. (AC +4)
You are immune to poison.
You resist negative energy. (rN+)
You are resistant to electric shocks. (rElec)
You are resistant to unholy torment.
You are immune to petrification.


Message History

The orc wizard is severely wounded.
The orc wizard hits you with a +0 dagger.
You barely miss the orc wizard.
The orc wizard is severely wounded.
The orc wizard hits you but does no damage.
You block the gnoll's attack. The orc wizard barely misses you.
You barely miss the orc wizard.
The orc wizard is severely wounded.
The orc wizard casts a spell at you. You resist with some effort.
The gnoll hits you but does no damage.
You hit the orc wizard.
You kill the orc wizard!
You block the gnoll's attack.
You slash the jelly! The acid corrodes you!
Your hands burn!
The jelly is moderately wounded.
The jelly barely misses you. You block the gnoll's attack. The jelly hits you.
The acid corrodes you!
You are splashed with acid.
The gnoll barely misses you.
You hit the jelly.
Your hands burn!
The jelly is heavily wounded.
The jelly hits you.
You are splashed with acid.
The gnoll hits you from afar with a +0 halberd!
* * * LOW HITPOINT WARNING * * *
You are too injured to fight recklessly!
You are too injured to fight recklessly!
You are too injured to fight recklessly!
You are too injured to fight recklessly!
The jelly barely misses you. You block the gnoll's attack.
You climb upwards.
There is a stone staircase leading down here.
You slash the jelly! The acid corrodes you!
Your hands burn!
* * * LOW HITPOINT WARNING * * *
The jelly is severely wounded.
The jelly hits you.
* * * LOW HITPOINT WARNING * * *
The acid corrodes you!
You are splashed with acid!
* * * LOW HITPOINT WARNING * * *
You feel better. The jelly hits you.
* * * LOW HITPOINT WARNING * * *
You are splashed with acid!
You die...

##################
...............÷@#
################J#
............## #.#
#.##.........# #.#
..##.##..###.# #)########
#.##.##..###.# #........#
..##.......#.###........#
.....##..#.#>...........#
.....##..#.#####........#


You could see a jelly.

Vanquished Creatures
  Grinder (D:4)
  Sigmund (D:3)
  A water moccasin (D:4)
  A scorpion (D:5)
  A hound (D:5)
  An iguana (D:4)
  An orc wizard (D:5)
  5 adders
  A worm (D:3)
  A dart slug (D:1)
  7 orcs
  5 ball pythons (D:1)
  3 endoplasms
  2 giant cockroaches (D:1)
  9 goblins
  8 hobgoblins
  5 jackals
  6 kobolds
  4 quokkas
  8 bats
  3 frilled lizards
  4 rats
78 creatures vanquished.

Vanquished Creatures (others)
  A fungus (D:3)
1 creature vanquished.

Grand Total: 79 creatures vanquished

Notes
Turn   | Place    | Note
-------+----------+-------------------------------------------
     0 | D:1      | bande the Gargoyle Fighter began the quest for the Orb.
     0 | D:1      | Reached XP level 1. HP: 14/14 MP: 1/1
   443 | D:1      | Reached XP level 2. HP: 15/19 MP: 2/2
  1016 | D:1      | Reached XP level 3. HP: 18/24 MP: 3/3
  1522 | D:2      | Found a faded altar of an unknown god.
  1522 | D:2      | Noticed a shining eye
  1522 | D:2      | Noticed a shining eye
  1522 | D:2      | Noticed a shining eye
  1522 | D:2      | Noticed a golden eye
  2036 | D:2      | Reached XP level 4. HP: 29/29 MP: 4/4
  2246 | D:3      | Found a stormy altar of Qazlal.
  2278 | D:3      | Noticed Sigmund
  2290 | D:3      | Killed Sigmund
  2291 | D:3      | Reached XP level 5. HP: 28/33 MP: 5/5
  2567 | D:3      | Reached XP level 6. HP: 36/38 MP: 6/6
  3801 | D:4      | Found a shimmering blue altar of Sif Muna.
  4111 | D:4      | Found a glowing golden altar of the Shining One.
  4154 | D:5      | Entered Level 5 of the Dungeon
  4160 | D:5      | Noticed a water moccasin
  4168 | D:5      | Noticed Grinder
  4172 | D:5      | Noticed a wraith
  4187 | D:4      | Killed a water moccasin
  4188 | D:4      | Reached XP level 7. HP: 18/44 MP: 7/7
  4389 | D:4      | Killed Grinder
  4390 | D:4      | Reached skill level 5 in Fighting
  4390 | D:4      | Reached skill level 5 in Axes
  4390 | D:4      | Reached skill level 5 in Armour
  4444 | D:4      | Splashed by a jelly's acid

Illustrated notes

Levels and vault maps discovered:
D:1:      dpeg_arrival_central, layout_rooms,
          nicolae_concentric_dashed_squares_wild, minmay_pentomino_t4
D:2:      layout_loops_ring, hellmonk_ecumenical_altar_watching_god
D:3:      layout_loops_ring, mainiacjoe_overflow_tiny_flanked, uniq_sigmund
D:4:      layout_basic, marbit_many_paths, lemuel_coloured_pillars_altar
D:5:      layout_basic, amethyst_overflow_temple_binary,
          minmay_temple_entry_proselytizer, gammafunk_ghost_icy,
          minmay_shop_damaged, minmay_fractal_squares_diagonal_5, uniq_grinder

Skill      XL: |  1  2  3  4  5  6  7 |
---------------+----------------------+-----
Axes           | 2 3 4 5 |  5.4
Fighting       | 4 5 |  5.0
Armour         | 4 5 |  5.1
Shields        | 4 |  4.7

Action                   |  1- 3 |  4- 6 |  7- 9 || total
-------------------------+-------+-------+-------++-------
Melee: War axe           |   164 |   102 |    20 ||   286
  Use: Scroll            |     7 |     5 |       ||    12
       Potion            |       |     2 |     1 ||     3
Armor: Scale mail        |    45 |       |       ||    45
       Chain mail        |   117 |    70 |    11 ||   198
Dodge: Dodged            |    97 |    31 |     6 ||   134
Block: Buckler           |    46 |    26 |     7 ||    79

Table legend: (Time is in decaauts)
 A = Elapsed time spent in this place.
 B = Non-inter-level travel time spent in this place.
 C = Inter-level travel time spent in this place.
 D = Time resting spent in this place.
 E = Time spent auto-exploring this place.
 F = Levels seen in this place.
 G = Mean time per level.
                   A        B        C        D        E       F      G
               +--------+--------+--------+--------+--------+-----+--------+
         Total |   4558 |   4558 |      0 |    965 |   2832 |   5 |  911.6 |
       Dungeon |   4558 |   4558 |      0 |    965 |   2832 |   5 |  911.6 |
               +--------+--------+--------+--------+--------+-----+--------+

Top non-repeatable levels by time:
     D:1: 1557 daAuts
     D:4: 1387 daAuts
     D:3: 819 daAuts
     D:2: 745 daAuts
     D:5: 49 daAuts
